 Dungeon Crawl Stone Soup version 0.29.1-1-gd02db6906a (webtiles) character file.

Game seed: 6011637105664479589

244 Orsonium the Gusty (level 5, -10/41 HPs)
             Began as a Draconian Air Elementalist on Sept 20, 2022.
             Was an Initiate of Sif Muna.
             Mangled by a two-headed ogre
             ... wielding a +0 giant spiked club
             ... created by the fury of Okawaru
              (25 damage)
             ... on level 4 of the Dungeon.
             The game lasted 00:16:28 (5464 turns).

Orsonium the Gusty (Draconian Air Elementalist)     Turns: 5464, Time: 00:16:28

Health: -10/41     AC:  6    Str: 10    XL:     5   Next: 83%
Magic:  10/10      EV: 11    Int: 18    God:    Sif Muna [......]
Gold:   225        SH:  3    Dex: 11    Spells: 10/11 levels left

rFire   . . .      SeeInvis .   j - +3 rapier (venom)
rCold   . . .      Faith    .   g - +0 buckler
rNeg    . . .      Spirit   .   (body armour unavailable)
rPois   .          Reflect  .   (helmet restricted)
rElec   .          Harm     .   m - +0 cloak
rCorr   .          Rampage  .   (no gloves)
Will    .....                   (no boots)
Stlth   ++........              (no amulet)
HPRegen 0.13/turn               (no ring)
MPRegen 0.12/turn               (no ring)

@: no status effects
A: AC +5, unfitting armour, cold-blooded
a: Renounce Religion


You were on level 4 of the Dungeon.
You worshipped Sif Muna.
Sif Muna was noncommittal.
You visited 2 branches of the dungeon, and saw 5 of its levels.

You collected 225 gold pieces.

Inventory:

Hand Weapons
 j - a +3 rapier of venom (weapon)
 r - a +2 whip of holy wrath
Missiles
 i - 5 stones
 n - a throwing net
Armour
 g - a +0 buckler (worn)
 m - a +0 cloak (worn)
Wands
 e - a wand of flame (6)
Scrolls
 d - a scroll of fear
 f - a scroll of enchant weapon
 l - a scroll of teleportation
 o - a scroll of noise {unknown}
 t - 4 scrolls of identify
 u - a scroll of enchant armour {unknown}
Potions
 a - a potion of magic
 b - a potion of heal wounds {unknown}
 c - 2 potions of curing
 h - a potion of might {unknown}
 k - a potion of attraction {unknown}
 p - a potion of mutation {unknown}
 q - a potion of resistance {unknown}
 s - 2 potions of flight {unknown}


   Skills:
 + Level 1.8 Fighting
 * Level 1.4 Short Blades
 + Level 2.2 Dodging
 + Level 2.2 Stealth
 - Level 0.4 Unarmed Combat
 + Level 3.6 Spellcasting
 + Level 1.9 Conjurations
 + Level 3.9 Air Magic


You had 10 spell levels left.
You knew the following spells:

 Your Spells              Type           Power      Damage    Failure   Level
a - Shock                 Conj/Air       52%        1d6       6%          1

Your spell library contained the following spells:

 Spells                   Type           Power      Damage    Failure   Level
 Static Discharge         Conj/Air       13%        3-5/arc   10%         2
 Swiftness                Air            17%        N/A       12%         3
 Airstrike                Air            8%         2d(2-18)  38%         4
 Gell's Gravitas          Tloc           3%         N/A       54%         3
 Lesser Beckoning         Tloc           3%         N/A       54%         3
 Teleport Other           Tloc           3%         N/A       54%         3
 Lightning Bolt           Conj/Air       6%         1d18      86%         5
 Maxwell's Capacitive Co  Air            8%         ∞         100%        8


Dungeon Overview and Level Annotations

Branches:
Dungeon (4/15)             Temple (1/1) D:4

Altars:
Cheibriados
Dithmenos
Elyvilon
Fedhas
Gozag
Hepliaklqana
Nemelex Xobeh
Okawaru
Qazlal
Ru
Sif Muna
Trog
Uskayaw
Wu Jian
Xom
Yredelemnul
The Shining One


Innate Abilities, Weirdness & Mutations

Your plain brown scales are hard. (AC +5)
You cannot fit into any form of body armour.
You are cold-blooded and may be slowed by cold attacks.


Message History

The zap hits the hobgoblin.
The hobgoblin is lightly wounded.
The zap hits the hobgoblin.
The hobgoblin is almost dead.
The zap misses the hobgoblin.
The zap hits the hobgoblin.
You kill the hobgoblin!
Sif Muna accepts your kill.
You start resting.
Magic restored.
You now have 225 gold pieces (gained 13).
o - a scroll labelled YTIGGE BEIM
u - a scroll labelled GEYPUKLIZAH You see here a +0 robe.
Okawaru sends forces against you! 2 two-headed ogres come into view.
The zap hits the two-headed ogre.
The two-headed ogre is lightly wounded.
The zap hits the two-headed ogre.
The two-headed ogre is lightly wounded.
The zap hits the two-headed ogre.
The two-headed ogre is lightly wounded.
The zap hits the two-headed ogre.
The two-headed ogre is lightly wounded.
The two-headed ogre barely misses you.
The two-headed ogre hits you with a +0 giant club!!
Ouch! That really hurt!
* * * LOW HITPOINT WARNING * * *
You are too injured to fight recklessly!
You are too injured to fight recklessly!
Casting: Shock (safe; 6% risk of failure)
Confirm with . or Enter, or press ? or * to list all spells.
You don't know that spell.
Unknown command.
The two-headed ogre attacks as you move away!
The two-headed ogre barely misses you. x2
The two-headed ogre attacks as you move away!
The two-headed ogre hits you with a +0 giant spiked club!!
Ouch! That really hurt!
You die...

.......#.....# ##
#............#.....#
#.....)......#.##.###
#............#.##...#
#.......[....#.####.##
#####............#.####..##
#................#........###
#.###.....O......#######....#
#..........O@.......####.####
#..##.#.##.###.####......#§≈§
##.##.#.##.###.####......#≈≈≈
#.##....................#≈§§
#.##.#.#.##.###.##......#§≈≈
#....#..................####
#.##.#.#.#.##.#.##..........
#.##...#........##.....÷####
#.##.#......#.#.........#§§≈


You could see 2 two-headed ogres.

Vanquished Creatures
  An orc priest (D:3)
  2 orc wizards (D:3)
  Robin (D:2)
  2 gnolls (D:4)
  3 adders
  An ufetubus (D:3)
  2 dart slugs
  6 orcs (D:3)
  11 endoplasms
  3 giant cockroaches
  19 goblins
  10 hobgoblins
  4 jackals
  2 quokkas
  5 ball pythons
  5 bats
  3 frilled lizards
  3 kobolds
  6 rats
89 creatures vanquished.

Notes
Turn   | Place    | Note
-------+----------+-------------------------------------------
     0 | D:1      | Orsonium the Draconian Air Elementalist began the quest for
                  | the Orb.
     0 | D:1      | Reached XP level 1. HP: 14/14 MP: 3/3
   206 | D:1      | Found a faded altar of an unknown god.
   274 | D:1      | Prayed at the altar of an unknown god.
   274 | D:1      | Became a worshipper of Warmaster Okawaru
   274 | D:1      | Reached * piety under Okawaru
   301 | D:1      | Reached XP level 2. HP: 20/20 MP: 1/5
  1638 | D:2      | Reached XP level 3. HP: 26/26 MP: 0/6
  1975 | D:2      | Noticed Robin
  2026 | D:2      | Killed Robin
  2404 | D:2      | You fall into a shaft and drop 1 floor!
  2567 | D:3      | Reached XP level 4. HP: 23/33 MP: 2/8
  2582 | D:3      | Reached skill level 1 in Fighting
  2997 | D:3      | Reached XP level 5. HP: 41/41 MP: 7/9
  4148 | D:3      | Reached skill level 1 in Short Blades
  5104 | D:4      | Found a staircase to the Ecumenical Temple.
  5122 | Temple   | Entered the Ecumenical Temple
  5259 | Temple   | Fell from the grace of Okawaru
  5259 | Temple   | Became a worshipper of Sif Muna the Loreminder
  5439 | D:4      | Noticed a two-headed ogre
  5439 | D:4      | Noticed a two-headed ogre
  5464 | D:4      | Mangled by a two-headed ogre

Illustrated notes

Levels and vault maps discovered:
D:1:      erik_arrival_triangle_medium, layout_basic,
          hellmonk_ecumenical_altar_dog_temple,
          nicolae_concentric_dashed_squares_mild
D:2:      layout_basic, serial_glass, glass_columns_b, glass_columns_a,
          hex_large, kennysheep_cross_room, uniq_robin
D:3:      layout_loops_corners, minmay_goblin_kobold_house
D:4:      layout_basic, minmay_temple_entry_poolview, minmay_diced_spiral
Temple:   lightli_temple_of_artemis

Skill      XL: |  1  2  3  4  5 |
---------------+----------------+-----
Stealth        | 2 |  2.2
Dodging        | 2 |  2.2
Spellcasting   | 3 |  3.6
Fighting       | 1 |  1.8
Short Blades   | 1 |  1.4
Unarmed Combat | |  0.4
Conjurations   | |  1.9
Air Magic      | |  3.9

Action                   |  1- 3 |  4- 6 || total
-------------------------+-------+-------++-------
Melee: Unarmed           |    17 |       ||    17
       Tailslap          |     3 |     1 ||     4
       Rapier            |    18 |    17 ||    35
 Cast: Shock             |    79 |    70 ||   149
  Use: Scroll            |     1 |     7 ||     8
       Potion            |     4 |       ||     4
 Stab: Sleeping          |     1 |       ||     1
Armor: Skin              |    24 |     8 ||    32
Dodge: Dodged            |    34 |    21 ||    55
Block: Buckler           |     3 |       ||     3
